 Dungeon Crawl Stone Soup version 0.27-a0-156-gbcd94eb011 (webtiles) character file.

Game seed: 8730974639820958309

12314 lunkers the Fighter (level 11, -6/111 HPs)
             Began as a Hill Orc Hunter on Jan 27, 2021.
             Was an Elder of Okawaru.
             Mangled by a boulder beetle (14 damage)
             ... on level 11 of the Dungeon.
             The game lasted 00:23:37 (14108 turns).

lunkers the Fighter (Hill Orc Hunter)              Turns: 14108, Time: 00:23:38

Health: -6/111     AC: 15    Str: 19    XL:     11   Next: 91%
Magic:  0/15       EV: 11    Int: 11    God:    Okawaru [****..]
Gold:   720        SH:  0    Dex: 11    Spells: 10/10 levels left

rFire    . . .     SeeInvis .   u - +2 short sword (distort)
rCold    + . .     Faith    .   (no shield)
rNeg     + . .     Spirit   +   F - +3 chain mail {rC+}
rPois    .         Reflect  .   Q - +0 hat {Will+}
rElec    .         Harm     .   S - +2 cloak {rCorr}
rCorr    +         Rampage  .   s - +0 pair of gloves
Will     +....                  (no boots)
Stlth    ..........             r - amulet of guardian spirit
HPRegen  0.28/turn              x - ring of positive energy
MPRegen  0.14/turn              k - +4 ring of evasion

@: no status effects
A: no striking features
a: Renounce Religion, Heroism


You were on level 11 of the Dungeon.
You worshipped Okawaru.
Okawaru was greatly pleased with you.
You visited 2 branches of the dungeon, and saw 12 of its levels.

You collected 720 gold pieces.

Inventory:

Hand Weapons
 a - a +0 short sword
 u - a +2 short sword of distortion (weapon)
 C - a +0 demon blade of freezing
Missiles
 d - 2 throwing nets {=f}
 l - 332 stones (quivered)
 n - 91 sling bullets
 v - 10 javelins
 E - 5 silver boomerangs
 L - 10 atropa-tipped darts
 M - 2 boomerangs
 R - 7 silver javelins
Armour
 s - a +0 pair of gloves (worn)
 t - a +0 chain mail
 F - a +3 chain mail of cold resistance (worn)
 Q - a +0 hat of willpower (worn)
 S - a +2 cloak of preservation (worn)
Jewellery
 f - an uncursed ring of protection from cold
 k - a +4 ring of evasion (right hand)
 r - an amulet of guardian spirit (around neck)
 x - a ring of positive energy (left hand)
 z - an uncursed amulet of the acrobat
Wands
 c - a wand of enslavement (21)
 N - a wand of acid (4)
 O - a wand of iceblast (4)
 T - a wand of flame (15)
 U - a wand of polymorph (8)
Scrolls
 b - 2 scrolls of fear {unknown}
 e - 2 scrolls of enchant armour {unknown}
 g - 3 scrolls of teleportation {unknown}
 i - 5 scrolls of identify
 j - a scroll of enchant weapon {unknown}
 p - 3 scrolls of magic mapping {unknown}
 q - 5 scrolls of remove curse {unknown}
 w - 3 scrolls of amnesia {unknown}
 y - 2 scrolls of noise {unknown}
 G - 2 scrolls of acquirement {unknown}
 K - a scroll of immolation {unknown}
 P - a scroll of torment {unknown}
 V - a scroll of brand weapon {unknown}
Potions
 h - 4 potions of magic
 m - 4 potions of flight
 o - 5 potions of curing
 A - 2 potions of lignification
 B - 2 potions of haste
 D - 3 potions of resistance
 H - a potion of might
 I - 2 potions of brilliance
 J - a potion of heal wounds
 W - a potion of mutation {unknown}


   Skills:
 + Level 14.4 Fighting
 + Level 11.8 Throwing
 - Level 1.5 Dodging
 - Level 0.7 Stealth
 - Level 6.0 Invocations
 + Level 3.9 Evocations


You had 10 spell levels left.
You didn't know any spells.
Your spell library contained the following spells:

 Spells                   Type           Power        Failure   Level
 Confusing Touch          Hex            0%           100%        3
 Gell's Gravitas          Tloc           0%           100%        3
 Petrify                  Tmut/Erth      0%           100%        4
 Metabolic Englaciation   Hex/Ice        0%           100%        5
 Yara's Violent Unravell  Hex/Tmut       0%           100%        5


Dungeon Overview and Level Annotations

Branches:
Dungeon (11/15)            Temple (1/1) D:6            Lair (0/6) D:10
    Orc: D:9-12

Altars:
Ashenzari
Cheibriados
Dithmenos
Elyvilon
Fedhas
Gozag
Hepliaklqana
Kikubaaqudgha
Makhleb
Nemelex Xobeh
Okawaru
Qazlal
Ru
Sif Muna
Trog
Uskayaw
Vehumet
Wu Jian
Xom
Yredelemnul
Zin
The Shining One

Shops:
D:9 !


Message History

Press: ? - help, Shift-Dir - straight line, f/p - boulder beetle
Aim: a boulder beetle (moderately wounded, 0% to evade)
The bolt of acid hits the boulder beetle but does no damage.
The boulder beetle is moderately wounded.
The boulder beetle bites you!
* * * LOW MAGIC WARNING * * *
* * * LOW HITPOINT WARNING * * *
Unknown command.
Unknown command.
Evoke which item? (* to show all) (? for menu, Esc to quit)
Aiming: Corrosive Bolt
Press: ? - help, Shift-Dir - straight line, f/p - boulder beetle
Aim: a boulder beetle (moderately wounded, 0% to evade)
The bolt of acid hits the boulder beetle.
The boulder beetle is splashed with acid.
The acid corrodes the boulder beetle!
The boulder beetle is moderately wounded.
The boulder beetle bites you!
* * * LOW MAGIC WARNING * * *
You die...

#.#### #..........<# #......
#..>.# #.....(.....# #...[..
####.# #...........# ###......
#.## #...........###........
#..## #.....(.....#...#......
##..# #.....(.....+.###......
##.# #.....((....### ######. #.#
######..##### #. #######.##
###@##### ##.
.........#####..B....# #..
##.###.####..........# ###.#
.#...#...##.##.......# #.°.#
.###.###.##.##.......########...#
.#.....#.##.##..........§........
.#######.##.##.......#####.####.#
.#...#......####.##### #.# #§#
##.#.#.#.#### #.# #.# #§#


You could see a boulder beetle (corroded).

Vanquished Creatures
  Gastronok (D:9)
  3 two-headed ogres
  A gargoyle (D:9)
  Prince Ribbit (D:6)
  4 trolls
  Edmund (D:4)
  A water moccasin (D:6)
  3 orc warriors
  5 sky beasts
  A necrophage (D:9)
  An ice beast (D:9)
  3 black bears
  3 wolves (D:10)
  9 ogres
  A phantom (D:6)
  2 centaurs
  A big kobold (D:9)
  6 bullfrogs
  A water moccasin zombie (D:9)
  4 scorpions
  3 wights
  4 electric eels (D:10)
  2 centaur zombies
  A bullfrog skeleton (D:7)
  10 hounds
  4 jellies
  4 quasits
  2 centaur skeletons
  A gnoll shaman (D:10)
  4 orc priests
  4 iguanas
  8 worker ants
  11 orc wizards
  2 killer bee zombies
  A hound zombie (D:5)
  2 hound skeletons
  3 gnolls (D:10)
  9 adders
  5 shadow imps
  2 white imps
  3 ufetubi
  An ooze (D:2)
  An adder zombie (D:8)
  An adder skeleton (D:9)
  A worm (D:3)
  2 dart slugs
  5 leopard geckos
  59 orcs
  5 ball pythons
  6 giant cockroaches
  4 hobgoblins
  2 jackals (D:10)
  11 kobolds
  7 quokkas
  7 bats
  3 frilled lizards
  4 goblins
  A jackal skeleton (D:7)
  A jackal zombie (D:5)
  A leopard gecko zombie (D:6)
  A quokka skeleton (D:5)
  8 rats
268 creatures vanquished.

Vanquished Creatures (others)
  A manticore (D:11)
  An ice beast (D:11)
  An orc wizard (D:11)
  4 orcs (D:11)
  A quokka (D:11)
  2 plants (D:3)
  7 withered plants (D:9)
17 creatures vanquished.

Grand Total: 285 creatures vanquished

Notes
Turn   | Place    | Note
-------+----------+-------------------------------------------
     0 | D:1      | lunkers the Hill Orc Hunter began the quest for the Orb.
     0 | D:1      | Reached XP level 1. HP: 18/18 MP: 1/1
   450 | D:1      | Reached XP level 2. HP: 25/25 MP: 2/2
   504 | D:1      | Reached skill level 3 in Fighting
  1012 | D:2      | Reached XP level 3. HP: 31/31 MP: 3/3
  2184 | D:3      | Reached XP level 4. HP: 37/40 MP: 4/4
  2336 | D:3      | Found a sparkling altar of Nemelex Xobeh.
  2347 | D:3      | Reached skill level 4 in Fighting
  3085 | D:4      | Reached XP level 5. HP: 45/47 MP: 5/5
  3352 | D:4      | Noticed Edmund
  3358 | D:4      | Killed Edmund
  3359 | D:4      | Reached skill level 5 in Fighting
  3359 | D:4      | Reached skill level 5 in Throwing
  3359 | D:4      | Reached XP level 6. HP: 53/56 MP: 4/6
  3936 | D:5      | Entered Level 5 of the Dungeon
  4189 | D:5      | Reached skill level 6 in Fighting
  4466 | D:5      | Reached XP level 7. HP: 64/64 MP: 7/7
  4635 | D:5      | Reached skill level 7 in Fighting
  5332 | D:6      | Reached XP level 8. HP: 51/74 MP: 5/8
  5472 | D:6      | Reached skill level 8 in Fighting
  5574 | D:6      | Found a staircase to the Ecumenical Temple.
  5584 | Temple   | Entered the Ecumenical Temple
  5639 | Temple   | Became a worshipper of Warmaster Okawaru
  5824 | D:6      | Banished an unseen horror
  5825 | D:6      | Reached skill level 9 in Fighting
  6158 | D:6      | Found a hide-covered altar of Uskayaw.
  6166 | D:6      | Reached XP level 9. HP: 77/85 MP: 9/9
  6492 | D:6      | Noticed Prince Ribbit
  6503 | D:6      | Killed Prince Ribbit
  6504 | D:6      | Reached skill level 10 in Fighting
  6667 | D:7      | Reached skill level 1 in Invocations
  6853 | D:7      | Reached * piety under Okawaru
  7805 | D:8      | You fall into a shaft and drop 2 floors!
  7805 | D:10     | Entered Level 10 of the Dungeon
  7805 | D:10     | Found a staircase to the Lair.
  7805 | D:10     | Noticed a troll
  7815 | D:10     | Noticed a troll
  7818 | D:10     | Noticed a komodo dragon
  7832 | D:10     | Reached skill level 11 in Fighting
  7850 | D:10     | Reached skill level 5 in Invocations
  7855 | D:10     | Killed a troll
  7855 | D:10     | Reached ** piety under Okawaru
  7856 | D:10     | Reached XP level 10. HP: 55/96 MP: 9/14
  8798 | D:9      | Noticed a two-headed ogre
  8820 | D:9      | Killed a two-headed ogre
  8820 | D:9      | Reached *** piety under Okawaru
  8821 | D:9      | Reached skill level 12 in Fighting
  8821 | D:9      | Reached skill level 10 in Throwing
  9767 | D:8      | Found a shimmering altar of Xom.
  9828 | D:8      | Found a glowing golden altar of the Shining One.
  9830 | D:8      | Found a bloodstained altar of Trog.
  9830 | D:8      | Found a radiant altar of Vehumet.
  9832 | D:8      | Found a broken altar of Ashenzari.
  9832 | D:8      | Found a shimmering altar of Xom.
  9832 | D:8      | Found a snail-covered altar of Cheibriados.
  9910 | D:9      | Noticed a gargoyle
  9918 | D:9      | Killed a gargoyle
  9984 | D:9      | Received a gift from Okawaru
 10483 | D:9      | Reached skill level 13 in Fighting
 10617 | D:9      | Reached XP level 11. HP: 96/107 MP: 13/15
 10830 | D:9      | Found a bloodstained altar of Trog.
 10837 | D:9      | Found Togem's Distillery.
 10889 | D:9      | Noticed Gastronok
 10930 | D:9      | Killed Gastronok
 10930 | D:9      | Reached **** piety under Okawaru
 10930 | D:9      | Received a gift from Okawaru
 11483 | D:9      | Found a sacrificial altar of Ru.
 11597 | D:10     | Reached skill level 1 in Evocations
 11764 | D:10     | Noticed a two-headed ogre
 11773 | D:10     | Killed a two-headed ogre
 11773 | D:10     | Received a gift from Okawaru
 11939 | D:10     | Received a gift from Okawaru
 11966 | D:10     | Noticed a two-headed ogre
 11982 | D:10     | Killed a two-headed ogre
 11982 | D:10     | Received a gift from Okawaru
 11983 | D:10     | Reached skill level 14 in Fighting
 13457 | D:11     | Killed a manticore
 14084 | D:11     | Noticed a boulder beetle
 14108 | D:11     | Mangled by a boulder beetle

Illustrated notes

Levels and vault maps discovered:
D:1:      mrwooster_arrival_statue_2, layout_basic
D:2:      layout_loops_corners
D:3:      layout_loops_corners, lemuel_crystal_altar, hangedman_glass_garden
D:4:      layout_basic, uniq_edmund
D:5:      layout_loops_ring
D:6:      layout_basic, eat_drink_and_be_merry_uskayaw,
          minmay_temple_entry_water_ring, uniq_prince_ribbit1
D:7:      layout_basic
D:8:      layout_loops_cross, doesnt_xom_only_xom, basic_altar
D:9:      layout_roguey [special_room_orc], minitemple, serial_shops,
          shop_statue, serial_undead, serial_undead_b, serial_undead_a,
          serial_undead_f, serial_undead_b, nicolae_wand_duel,
          kennysheep_generic_room_14, uniq_gastronok
D:10:     layout_long_grid, erik_lair_island
D:11:     layout_roguey, lemuel_flamethrower_2
Temple:   minmay_crystal_spiral_temple

Skill      XL: |  1  2  3  4  5  6  7  8  9 10 11 |
---------------+----------------------------------+-----
Fighting       | 3 4 5 6 7 9 11 13 14 | 14.4
Throwing       | 4 5 6 8 9 10 11 | 11.8
Invocations    | 5 6 |  6.0
Evocations     | 3 |  3.9
Dodging        | |  1.5
Stealth        | |  0.7

Action                   |  1- 3 |  4- 6 |  7- 9 | 10-12 || total
-------------------------+-------+-------+-------+-------++-------
Melee: Short sword       |    76 |   176 |   225 |   535 ||  1012
Throw: Javelin           |    23 |     8 |       |       ||    31
       Stone             |    38 |    12 |       |    87 ||   137
       Dart              |    17 |    20 |    17 |       ||    54
       Boomerang         |       |     7 |    33 |     3 ||    43
Invok: Heroism           |       |       |     1 |     7 ||     8
Evoke: Wand              |       |       |       |     9 ||     9
  Use: Scroll            |       |     4 |     9 |       ||    13
Armor: Leather armour    |     1 |       |       |       ||     1
       Ring mail         |    25 |     3 |       |       ||    28
       Chain mail        |       |    76 |   111 |   234 ||   421
Dodge: Dodged            |    36 |    81 |   149 |   392 ||   658

Table legend: (Time is in decaauts)
 A = Elapsed time spent in this place.
 B = Non-inter-level travel time spent in this place.
 C = Inter-level travel time spent in this place.
 D = Time resting spent in this place.
 E = Time spent auto-exploring this place.
 F = Levels seen in this place.
 G = Mean time per level.
                   A        B        C        D        E       F      G
               +--------+--------+--------+--------+--------+-----+--------+
         Total |  14197 |  13874 |    323 |    578 |  10599 |  12 | 1183.1 |
       Dungeon |  13986 |  13749 |    237 |    578 |  10485 |  11 | 1271.5 |
        Temple |    211 |    125 |     86 |      0 |    114 |   1 |  211.0 |
               +--------+--------+--------+--------+--------+-----+--------+

Top non-repeatable levels by time:
     D:9: 3019 daAuts
    D:10: 2049 daAuts
     D:6: 1470 daAuts
     D:3: 1253 daAuts
     D:7: 1058 daAuts
     D:5: 988 daAuts
     D:1: 930 daAuts
     D:4: 885 daAuts
     D:2: 883 daAuts
     D:8: 756 daAuts
    D:11: 690 daAuts
  Temple: 211 daAuts
